 Dungeon Sprint DCSS version 0.24-a0-584-g9d6b971 (webtiles) character file.

Game seed: 2658073504009930059, levelgen mode: deterministic

107 silentkaos13 the Slasher (level 4, -1/37 HPs)
             Began as a Demonspawn Gladiator on Sept 3, 2019.
             Slain by Sigmund
             ... wielding a +4 scythe of freezing
              (5 damage)
             ... in the Dungeon (Sprint I: "Red Sonja").
             The game lasted 00:00:21 (274 turns).

silentkaos13 the Slasher (Demonspawn Gladiator)      Turns: 274, Time: 00:00:22

Health: -1/37      AC:  6    Str: 15    XL:     4   Next: 57%
Magic:  4/4        EV: 14    Int:  9    God:
Gold:   54         SH:  0    Dex: 15    Spells: 3/3 levels left

rFire    . . .     SeeInvis .   a - +0 long sword
rCold    . . .     Gourm    .   (no shield)
rNeg     . . .     Faith    .   l - +0 ring mail
rPois    .         Spirit   .   c - +0 helmet
rElec    .         Reflect  .   (no cloak)
rCorr    .         Harm     .   (no gloves)
MR       .....     NoTele   +   (no boots)
Stlth    +.........             (no amulet)
HPRegen  0.12/turn              (no ring)
MPRegen  0.09/turn              (no ring)

@: no status effects
A: hooves 1, demonic guardian 1, sturdy frame 1
a: no special abilities


You were in the Dungeon.
You were not hungry.

You visited 1 branch You collected 54 gold pieces.

Inventory:

Hand Weapons
 a - a +0 long sword (weapon)
Missiles
 d - 2 throwing nets (quivered)
Armour
 b - a +0 leather armour
 c - a +0 helmet (worn)
 l - a +0 ring mail (worn)
Scrolls
 k - a scroll of blinking
Potions
 e - a potion of curing
 g - a potion of heal wounds
 h - a potion of haste
 i - 2 potions of magic
 j - a potion of berserk rage
Comestibles
 f - a ration


   Skills:
 + Level 3.7 Fighting
 + Level 5.9 Long Blades
 + Level 3.1 Throwing
 + Level 0.4 Armour
 + Level 5.3 Dodging
 + Level 1.6 Stealth


You had 3 spell levels left.
You didn't know any spells.
Your spell library was empty.

Dungeon Overview and Level Annotations

Branches:
Dungeon (1/1)

Altars:

Annotations:
D Sigmund


Innate Abilities, Weirdness & Mutations

You have large cloven feet.
A weak demonic guardian rushes to your aid.
Your movements are slightly less encumbered by armour. (ER -2)


Message History

You hear some strange, mumbled words.
Something tries to affect you, but you resist.
You closely miss something. Something hits you. Something freezes you.
You hit something. Something completely misses you.
You barely miss something.
You hear some strange, mumbled words.
A magic dart appears from out of thin air!
The magic dart hits you!
You miss something. Your kick misses something. Something hits you.
* * * LOW HITPOINT WARNING * * *
Something freezes you.
* * * LOW HITPOINT WARNING * * *
You closely miss something. You hit something but do no damage.
You hear some strange, mumbled words.
A puff of flame appears from out of thin air!
The puff of flame hits you.
* * * LOW HITPOINT WARNING * * *
Something hits you.
You die...

#############
#<.#..').#.{+
#..'..#..'@.#
#..#####'####
#..# #..#
#..# ####
#..# #⌠⌠#
####


There were no monsters in sight!

Vanquished Creatures
  An ogre (D)
  Ijyb (D)
2 creatures vanquished.

Vanquished Creatures (others)
  A gargoyle (D)
1 creature vanquished.

Grand Total: 3 creatures vanquished

Notes
Turn   | Place    | Note
-------+----------+-------------------------------------------
     0 | D        | silentkaos13 the Demonspawn Gladiator began the quest for
                  | the Orb.
     0 | D        | Reached XP level 1. HP: 16/16 MP: 1/1
     1 | D        | Noticed Ijyb
    13 | D        | Killed Ijyb
    13 | D        | Gained mutation: Your movements are slightly less
                  | encumbered by armour. (ER -2) [demonic ancestry]
    13 | D        | Reached XP level 2. HP: 6/23 MP: 2/2
    86 | D        | Killed a gargoyle
   245 | D        | Noticed an ogre
   254 | D        | Killed an ogre
   254 | D        | Reached skill level 5 in Long Blades
   254 | D        | Reached skill level 5 in Dodging
   254 | D        | Reached skill level 1 in Stealth
   254 | D        | Gained mutation: A weak demonic guardian rushes to your
                  | aid. [demonic ancestry]
   254 | D        | Reached XP level 3. HP: 30/30 MP: 3/3
   254 | D        | Gained mutation: You have large cloven feet. [demonic
                  | ancestry]
   254 | D        | Reached XP level 4. HP: 37/37 MP: 4/4
   265 | D        | Noticed Sigmund
   274 | D        | Slain by Sigmund

Levels and vault maps discovered:
D:        dungeon_sprint_1 [red_sonja_temple_1, red_sonja_temple_small_1]

Skill      XL: |  1  2 |
---------------+-------+-----
Long Blades    | 4 5 |  5.9
Throwing       | 2 3 |  3.1
Dodging        | 4 5 |  5.3
Fighting       | 3 |  3.7
Stealth        | 1 |  1.6
Armour         | |  0.4

Action                   |  1- 3 |  4- 6 || total
-------------------------+-------+-------++-------
Melee: Long sword        |    18 |     7 ||    25
Throw: Throwing net      |     1 |       ||     1
 Stab: Held in net/web   |     3 |       ||     3
Armor: Leather armour    |     3 |       ||     3
Dodge: Dodged            |     6 |     1 ||     7
       Rpst.: Long sword |     1 |       ||     1

Table legend:
 A = Non-vault XP
 B = Vault XP
 C = Vault XP percentage of total XP
 D = Non-vault monster count
 E = Vault monster count
 F = Vault count percentage of total count
                 A         B        C        D         E       F
            +---------+---------+-------+---------+---------+-------
      Total |       0 |     154 | 100.0 |       0 |       2 | 100.0
            +---------+---------+-------+---------+---------+-------
          D |       0 |     154 | 100.0 |       0 |       2 | 100.0
            +---------+---------+-------+---------+---------+-------
